 Dungeon Crawl Stone Soup version 0.29.1-2-gbd0b4ee654 (webtiles) character file.

Game seed: 11605805666686143293

14093 zeram the Unseen (level 11, -1/49 HPs)
             Began as a Spriggan Brigand on Nov 10, 2022.
             Was an Initiate of Gozag.
             Slain by a cane toad (19 damage)
             ... on level 1 of the Lair of Beasts.
             The game lasted 00:34:17 (13007 turns).

zeram the Unseen (Spriggan Brigand)                Turns: 13007, Time: 00:34:18

Health: -1/49      AC:  9    Str:  7    XL:     11   Next: 84%
Magic:  12/12      EV: 28    Int: 16    God:    Gozag
Gold:   940        SH:  0    Dex: 18    Spells: 10/10 levels left

rFire   . . .      SeeInvis +   a - +4 dagger (venom)
rCold   . . .      Faith    .   (no shield)
rNeg    . . .      Spirit   .   A - +0 acid dragon scales
rPois   .          Reflect  .   (helmet restricted)
rElec   .          Harm     .   c - +2 cloak
rCorr   +          Rampage  .   (gloves unavailable)
Will    +....                   (boots unavailable)
Stlth   +++++++...              j - amulet of the acrobat
HPRegen 0.16/turn               t - +4 ring of evasion
MPRegen 0.13/turn               q - +4 ring of slaying

@: gold aura, studying Staves, very quick
A: very small, no large weapons, unfitting armour, see invisible, speed 3
a: Renounce Religion, Potion Petition, Call Merchant, Bribe Branch


You were on level 1 of the Lair of Beasts.
You worshipped Gozag.
Gozag was pleased with you.
You visited 3 branches of the dungeon, and saw 13 of its levels.
You also visited: Sewer.

You collected 1832 gold pieces.
You spent 153 gold pieces at shops.
You paid 739 gold pieces to Gozag.

Inventory:

Hand Weapons
 a - a +4 dagger of venom (weapon)
 G - the +9 flail of Tenacity {antimagic, Dex+5}
   (You found it on level 9 of the Dungeon)

   It reduces the magical energy of the wielder, and disrupts the spells and
   magical abilities of those it strikes.
   Natural abilities and divine invocations are not affected.
   Dex:       It affects your dexterity (+5).
Missiles
 d - 24 poisoned darts (quivered)
 e - 4 curare-tipped darts
Armour
 b - a +0 robe
 c - a +2 cloak (worn)
 A - +0 acid dragon scales (worn)
 C - a +2 robe of cold resistance
Jewellery
 f - a +6 ring of intelligence
 j - an amulet of the acrobat (around neck)
 q - a +4 ring of slaying (right hand)
 t - a +4 ring of evasion (left hand)
 w - a +6 ring of dexterity
 x - a +6 ring of dexterity
 y - a ring of protection from fire
 B - a ring of poison resistance
Wands
 o - a wand of paralysis (21)
 u - a wand of iceblast (13)
 I - a wand of quicksilver (4)
 J - a wand of flame (12)
Scrolls
 p - a scroll of fog
 s - 4 scrolls of teleportation
 v - 2 scrolls of amnesia
 D - a scroll of noise
 F - 3 scrolls of identify
Potions
 g - a potion of berserk rage
 h - 3 potions of curing
 i - 2 potions of heal wounds
 k - a potion of attraction
 l - a potion of mutation
 m - a potion of invisibility
 n - 2 potions of lignification
 r - 4 potions of brilliance
 z - 2 potions of haste
 E - a potion of resistance
 H - 2 potions of flight


   Skills:
 - Level 1.5 Fighting
 + Level 11.8 Short Blades
 - Level 2.0 Throwing
 + Level 13.4 Dodging
 + Level 19.1 Stealth
 + Level 2.2 Evocations


You had 10 spell levels left.
You didn't know any spells.
Your spell library contained the following spells:

 Spells                   Type           Power      Damage    Failure   Level
 Magic Dart               Conj           0%         1d3       43%         1
 Sandblast                Erth           0%         2d4       43%         1
 Passwall                 Tmut/Erth      0%         N/A       58%         2
 Poisonous Vapours        Pois/Air       0%         N/A       58%         2
 Searing Ray              Conj           0%         2d4       58%         2
 Ozocubu's Armour         Ice            0%         N/A       82%         3
 Stone Arrow              Conj/Erth      0%         3d7       82%         3
 Animate Armour           Summ/Erth      0%         N/A       99%         4
 Dispel Undead            Necr           0%         3d6       99%         4
 Fulminant Prism          Conj/Hex       0%         3d6       99%         4
 Blade Hands              Tmut           0%         N/A       100%        5
 Metabolic Englaciation   Hex/Ice        0%         N/A       100%        5
 Death Channel            Necr           0%         N/A       100%        6
 Dispersal                Tloc           0%         N/A       100%        6
 Iron Shot                Conj/Erth      0%         9d1       100%        6
 Disjunction              Tloc           0%         N/A       100%        8
 Corpse Rot               Necr/Pois/Air  Unusable   N/A       N/A         4
 Simulacrum               Ice/Necr       Unusable   N/A       N/A         6

Dungeon Overview and Level Annotations

Branches:
Dungeon (11/15)            Temple (1/1) D:5            Lair (1/5) D:10
    Orc (0/2) D:10          Sewer (visited)

Altars:
Ashenzari
Cheibriados
Dithmenos
Elyvilon
Fedhas
Gozag
Hepliaklqana
Kikubaaqudgha
Makhleb
Nemelex Xobeh
Okawaru
Qazlal
Ru
Sif Muna
Trog
Uskayaw
Vehumet
Wu Jian
Xom
Yredelemnul
Zin
The Shining One

Shops:
D:10 *=

Annotations:
D:5 exclusion: statue
D:11 Lodul


Innate Abilities, Weirdness & Mutations

You are very small and have problems with some larger weapons.
You are too small for most types of armour.
You have supernaturally acute eyesight. (SInv)
You cover ground extremely quickly. (Speed+++)


Message History

The bullfrog hits you but does no damage.
Unknown command.
You barely miss the cane toad.
The cane toad is moderately wounded.
You feel sick. The cane toad completely misses you.
Unknown command.
You hit the cane toad but do no damage.
The cane toad is moderately wounded.
You kill the cane toad!
The bullfrog barely misses you.
Unknown command.
You puncture the bullfrog!
The bullfrog is heavily wounded.
You feel sick. The bullfrog completely misses you.
The cane toad completely misses you.
You puncture the cane toad!
The cane toad is heavily wounded.
The bullfrog misses you.
You feel sick.
Unknown command.
Unknown command.
Unknown command.
Unknown command.
You hit the bullfrog.
The bullfrog looks as sick as possible!
The bullfrog is almost dead.
You kill the bullfrog!
The cane toad completely misses you.
You feel sick.
You are no longer poisoned.
Unknown command.
You puncture the cane toad!
The cane toad is severely wounded.
The cane toad completely misses you.
You barely miss the cane toad.
The cane toad is severely wounded.
You closely miss the cane toad.
The cane toad is severely wounded.
The cane toad stings you!!
You die...
Your body crumbles into a pile of gold.

#.........# #.###..##
#.........### #........
##.........+.# #........
#............###........
#P.........#............
###'#####.##.#.#........
#...##########........
###...## #........
###@.## ######.##
######F.### ###
#......$..# #....$....#
#.............
#.........#.##
#..........###
##.........# #########.#


You could see a cane toad (very poisoned).

Vanquished Creatures
  A centaur warrior (D:8)
  An oklob plant (Lair:1)
  A torpor snail (Lair:1)
  An unseen horror zombie (D:10)
  A gargoyle (D:11)
  An unseen horror (D:8)
  Maggie (D:7)
  A rime drake (Lair:1)
  A cane toad (Lair:1)
  2 trolls (D:10)
  2 hornets (D:9)
  3 blink frogs (Lair:1)
  Sigmund (D:2)
  A shadow (D:11)
  9 yaks
  3 wyverns
  A wraith (D:10)
  A basilisk (Lair:1)
  A hog (shapeshifter) (D:8)
  Grum (D:11)
  3 water moccasins
  5 orc warriors
  A sky beast (D:7)
  Pargi (Sewer)
  2 centaurs
  6 ogres
  10 wolves
  2 phantoms
  A kobold brigand (D:7)
  The ghost of mkat the Grave Robber, an amateur DENe of Fedhas (D:4)
  7 bullfrogs
  3 scorpions
  A necrophage (D:5)
  A water moccasin zombie (D:4)
  8 wights
  2 troll zombies (D:10)
  A howler monkey (D:9)
  8 centaur zombies
  A bullfrog zombie (D:4)
  2 jellies
  7 orc priests
  Ijyb (D:3)
  A gnoll bouda (D:7)
  5 hounds
  3 iguanas
  Terence (D:3)
  10 orc wizards
  6 ogre zombies (D:10)
  3 howler monkey zombies (D:10)
  7 adders
  4 gnolls
  A river rat (D:3)
  2 shadow imps
  A white imp (D:6)
  An ufetubus (D:6)
  3 worms
  A dart slug (D:2)
  27 orcs
  10 endoplasms
  3 giant cockroaches
  10 goblins
  6 hobgoblins
  3 jackals (D:2)
  5 quokkas
  5 ball pythons
  9 bats
  2 frilled lizards
  2 goblin skeletons (D:10)
  5 goblin zombies (D:10)
  A hobgoblin skeleton (D:10)
  2 hobgoblin zombies (D:10)
  18 kobolds
  14 orc zombies (D:10)
  9 rats
288 creatures vanquished.

Vanquished Creatures (others)
  A bush (D:10)
  14 fungi (D:10)
  14 plants
29 creatures vanquished.

Grand Total: 317 creatures vanquished

Notes
Turn   | Place    | Note
-------+----------+-------------------------------------------
     0 | D:1      | zeram the Spriggan Brigand began the quest for the Orb.
     0 | D:1      | Reached XP level 1. HP: 10/10 MP: 2/2
    48 | D:1      | Reached skill level 6 in Stealth
   270 | D:1      | Reached XP level 2. HP: 14/14 MP: 3/3
   391 | D:1      | Reached skill level 7 in Stealth
   727 | D:1      | Reached XP level 3. HP: 14/18 MP: 4/4
  1015 | D:1      | Found a faded altar of an unknown god.
  1465 | D:2      | Reached XP level 4. HP: 22/22 MP: 5/5
  1622 | D:2      | Noticed Sigmund
  1624 | D:2      | Killed Sigmund
  1625 | D:2      | Reached skill level 9 in Stealth
  1625 | D:2      | Reached XP level 5. HP: 25/25 MP: 6/6
  1943 | D:3      | Reached XP level 6. HP: 15/30 MP: 7/7
  2025 | D:3      | Noticed Ijyb
  2030 | D:3      | Killed Ijyb
  2033 | D:3      | Noticed Terence
  2042 | D:3      | Killed Terence
  2108 | D:3      | Found a glowing drain.
  2160 | Sewer    | Entered a sewer
  2333 | Sewer    | Noticed Pargi
  2335 | Sewer    | Killed Pargi
  2336 | Sewer    | Reached skill level 10 in Stealth
  2878 | D:4      | Identified the +0 leather armour of the Gloaming {Str+2}
  2952 | D:4      | Found a hazy altar of Hepliaklqana.
  3008 | D:4      | Found an ancient bone altar of Kikubaaqudgha.
  3176 | D:4      | Reached XP level 7. HP: 20/33 MP: 8/8
  3503 | D:4      | Found a runed translucent gate.
  3503 | D:4      | Found a runed translucent gate.
  3510 | D:4      | Reached skill level 11 in Stealth
  3512 | D:4      | Found a runed translucent gate.
  3515 | D:4      | Noticed mkat's ghost (amateur DENe)
  3689 | D:4      | Found an ornate altar of the Wu Jian Council.
  3844 | D:4      | Killed mkat's ghost
  3845 | D:4      | Reached skill level 5 in Short Blades
  4102 | D:5      | Entered Level 5 of the Dungeon
  4237 | D:5      | Reached skill level 12 in Stealth
  4290 | D:5      | Found a radiant altar of Vehumet.
  4476 | D:5      | Found a staircase to the Ecumenical Temple.
  4506 | D:5      | Reached XP level 8. HP: 37/37 MP: 9/9
  4596 | D:5      | Found a broken altar of Ashenzari.
  4719 | D:5      | Found a stormy altar of Qazlal.
  5135 | D:6      | Reached skill level 13 in Stealth
  5368 | Temple   | Entered the Ecumenical Temple
  5566 | Temple   | Became a worshipper of Gozag Ym Sagoz the Greedy
  5784 | D:6      | Reached skill level 5 in Dodging
  6707 | D:7      | Reached skill level 14 in Stealth
  6707 | D:7      | Reached XP level 9. HP: 40/41 MP: 10/10
  6975 | D:7      | Noticed Maggie
  7021 | D:7      | Killed Maggie
  7168 | D:7      | Reached skill level 1 in Evocations
  7264 | D:7      | Found a white marble altar of Elyvilon.
  7264 | D:7      | Found a hide-covered altar of Uskayaw.
  7417 | D:7      | Found a shimmering altar of Xom.
  7437 | D:7      | Found a snail-covered altar of Cheibriados.
  7641 | D:8      | Noticed an unseen horror
  7650 | D:8      | Killed an unseen horror
  7651 | D:8      | Reached skill level 15 in Stealth
  7694 | D:8      | Noticed a centaur warrior
  7717 | D:8      | Killed a centaur warrior
  7718 | D:8      | Reached XP level 10. HP: 26/46 MP: 11/11
  7951 | D:9      | Found a shadowy altar of Dithmenos.
  8491 | D:9      | Identified the +9 flail of Tenacity {antimagic, Dex+5}
  8629 | D:9      | Paralysed by a hornet for 2 turns
  8631 | D:9      | Reached skill level 16 in Stealth
  9156 | D:10     | Entered Level 10 of the Dungeon
  9157 | D:10     | Found Ufoig's Assorted Antiques.
  9163 | D:10     | Bought a scroll of identify for 52 gold pieces
  9163 | D:10     | Bought a scroll of identify for 52 gold pieces
  9163 | D:10     | Bought a scroll labelled ARPHYZ GULU for 26 gold pieces
  9163 | D:10     | Bought a yellow potion for 23 gold pieces
  9183 | D:10     | Found a glowing golden altar of the Shining One.
  9259 | D:10     | Reached skill level 10 in Dodging
  9264 | D:10     | Reached skill level 10 in Short Blades
  9522 | D:10     | Found a staircase to the Orcish Mines.
  9951 | D:10     | Found a bloodstained altar of Trog.
 10027 | D:10     | Reached skill level 17 in Stealth
 10598 | D:10     | Noticed a skeletal warrior
 10599 | D:10     | Noticed a skeletal warrior
 10601 | D:10     | Noticed a skeletal warrior
 10602 | D:10     | Noticed a skeletal warrior
 10605 | D:10     | HP: 1/46 [skeletal warrior/+2 vorpal dire flail (2)]
 10996 | D:10     | Found a basalt altar of Yredelemnul.
 11025 | D:10     | Reached XP level 11. HP: 49/49 MP: 12/12
 11468 | D:11     | Noticed Grum
 11477 | D:11     | Noticed a tengu warrior
 12016 | D:11     | Killed Grum
 12017 | D:11     | Reached skill level 18 in Stealth
 12052 | D:11     | Noticed Lodul
 12345 | D:10     | Found a staircase to the Lair.
 12355 | Lair:1   | Entered Level 1 of the Lair of Beasts
 12355 | Lair:1   | Noticed an oklob plant
 12361 | Lair:1   | Killed an oklob plant
 12884 | Lair:1   | Reached skill level 19 in Stealth
 13007 | Lair:1   | Slain by a cane toad

Illustrated notes

Levels and vault maps discovered:
D:1:      nicolae_arrival_somewhat_less_tricky_arrival, layout_basic,
          serial_glass, glass_columns_a, glass_columns_c, glass_columns_b,
          shapermc_ecumenical_altar_petra, chequers_mini_garden, nrook_campfire,
          minivault_4
D:2:      layout_loops_cross, uniq_sigmund
D:3:      minmay_spotlight, layout_rooms, portal_sewer_entry_c,
          minmay_misc_feat_cross, ebering_dispersal_statue_hall, uniq_terence,
          uniq_ijyb
D:4:      layout_basic, nicolae_overflow_crystal_walls,
          mainiacjoe_overflow_small_starburst, pdpol_wu_jian_five_deadly_venoms,
          gammafunk_ghost_necromancy
D:5:      layout_cave_pools, nicolae_qazlal_eye_of_the_storm, vehumet_statue,
          cheibrodos_ashenzari_chains, temple_pool_b, grunt_decor_fettered,
          grunt_ministairs_8, minmay_crystal_water, hangedman_decor_riveting
D:6:      layout_gridville
D:7:      layout_cave_pools, mainiacjoe_overflow_big_doors,
          gammafunk_temple_overflow_pools, chequers_serial_rivers_small_3,
          chequers_serial_rivers_large_a, uniq_maggie
D:8:      cheibrodos_elevator_heist, layout_layer_cave, lightli_minifort,
          uniq_psyche, uniq_maurice, uniq_amaemon
D:9:      layout_long_grid, mainiacjoe_overflow_chevrons,
          mrwooster_statue_mirror
D:10:     layout_rooms, mainiacjoe_overflow_boulevard,
          nicolae_yredelemnul_corpse_copse, tso_metal_star,
          grunt_lair_entry_orc_guard_hut, zombieorc2_lemuel, serial_shops,
          nicolae_shop_stone, billiards_dpeg
D:11:     layout_rooms, uniq_lodul, uniq_urug, uniq_grum
Temple:   nicolae_temple_bog_church
Lair:1:   layout_roguey, dpeg_stationary_puzzle

Skill      XL: |  1  2  3  4  5  6  7  8  9 10 11 |
---------------+----------------------------------+-----
Stealth        | 6 7 9 10 12 14 15 17 19 | 19.1
Dodging        | 2 3 4 6 9 11 13 | 13.4
Short Blades   | 3 4 5 7 9 10 11 | 11.8
Evocations     | 1 2 |  2.2
Fighting       | |  1.5
Throwing       | |  2.0

Action                   |  1- 3 |  4- 6 |  7- 9 | 10-12 || total
-------------------------+-------+-------+-------+-------++-------
Melee: Dagger            |    99 |    86 |   302 |   581 ||  1068
       Punch             |     2 |     1 |     2 |     8 ||    13
Throw: Dart              |     3 |     2 |       |     4 ||     9
Invok: Call Merchant     |       |       |       |     1 ||     1
Evoke: Wand              |       |       |     4 |       ||     4
  Use: Scroll            |       |     8 |    10 |     8 ||    26
       Potion            |       |     1 |     1 |     1 ||     3
 Stab: Sleeping          |    15 |    22 |    13 |    14 ||    64
       Distracted        |       |       |     4 |     6 ||    10
       Paralysed         |       |       |     1 |       ||     1
Armor: Robe              |    12 |     7 |    19 |       ||    38
       Acid dragon scale |       |       |    14 |    51 ||    65
Dodge: Dodged            |    65 |    46 |   225 |   417 ||   753
